[Event "Early-Titled-Tuesday-Blitz-February-06-2024"]
[Site "Chess.com"]
[Date "2024.02.06"]
[Round "9"]
[White "Arystanner"]
[Black "karinachess1"]
[Result "0-1"]
[WhiteElo "2857"]
[BlackElo "2656"]
[TimeControl "180+1"]
[EndTime "9:44:09 PST"]
[Termination "karinachess1 won by resignation"]

1. d4 Nf6 2. Nf3 e6 3. e3 d5 4. Bd3 Be7 5. O-O O-O 6. b3 b6 7. Bb2 Ba6 8. c4 dxc4 9. bxc4 c5 10. Ne5 Bb7 11. Nc3 cxd4 12. exd4 Nc6 13. Nxc6 Bxc6 14.
Re1 Bb7 15. d5 exd5 16. cxd5 Bc5 17. Ne4 Nxe4 18. Bxe4 Qh4 19. g3 Qh3 20. Qf3 Rad8 21. Rad1 Rfe8 22. Qc3 f6 23. Qf3 Qd7 24. Bf5 Rxe1+ 25.
Rxe1 Bxd5 26. Qh5 g6 27. Bxd7 gxh5 28. Bf5 Kg7 29. a3 Bf3 30. h3 Rd2 31. Bc1 Bxf2+ 32. Kf1 Bxe1 0-1

[Event "Early-Titled-Tuesday-Blitz-February-06-2024"]
[Site "Chess.com"]
[Date "2024.02.06"]
[Round "9"]
[White "simonachess"]
[Black "ValiantCeleb"]
[Result "1-0"]
[WhiteElo "2320"]
[BlackElo "2216"]
[TimeControl "180+1"]
[EndTime "9:44:10 PST"]
[Termination "simonachess won by checkmate"]

1. d4 Nf6 2. c4 e6 3. Nc3 Bb4 4.
Qc2 d5 5. e3 O-O 6. Bd3 dxc4 7.
Bxc4 c5 8. a3 Bxc3+ 9. bxc3 b6 10.
Nf3 Bb7 11. O-O Nbd7 12. Rd1 Qc7 13. Qe2 Rac8 14. Bb5 Rfd8 15. Bb2 c4 16. Ba4 Bd5 17. Bc2 Qb7 18. a4 Be4 19. Ne1 Bxc2 20. Qxc2 Qe4 21.
Qxe4 Nxe4 22. f3 Nd6 23. e4 e5 24. Ba3 Nb7 25. Nc2 f6 26. Kf2 Kf7 27. Ke3 Ke6 28. g3 g5 29. h4 gxh4 30. gxh4 Rg8 31. Rg1 Rg6 32. h5 Rg5 33. Rxg5 fxg5 34. Nb4 h6 35. d5+ Kf7 36. Nc6 a6 37. Rb1 Nbc5 38. Bxc5 Nxc5 39. Rxb6 Nxa4 40. Nxe5+ Kf8 41. Rxa6 Nxc3 42. Rxh6 Kg7 43. Rg6+ Kh7 44. Rc6 Re8 45. Nxc4 Nxd5+ 46. Kd4 Nf4 47. Rc7+ Kh6 48. Nd6 Rd8 49. Ke5 Nd3+ 50. Ke6 Nf4+ 51. Ke7 Rg8 52. Nf5+ Kxh5 53. Kf6 g4 54. Rh7# 1-0

[Event "Early-Titled-Tuesday-Blitz-February-06-2024"]
[Site "Chess.com"]
[Date "2024.02.06"]
[Round "9"]
[White "BeardedNM"]
[Black "MaxLeto"]
[Result "1-0"]
[WhiteElo "2224"]
[BlackElo "2443"]
[TimeControl "180+1"]
[EndTime "9:44:11 PST"]
[Termination "BeardedNM won on time"]

1. e4 c5 2. Nf3 d6 3. d4 cxd4 4. Nxd4 Nf6 5. Nc3 a6 6. Be3 e6 7. f3 b5 8. a3 Nbd7 9. Qd2 Bb7 10. O-O-O d5 11. exd5 Nxd5 12. Nxd5 Bxd5 13. Kb1 Bc5 14. Nf5 O-O 15. Bxc5 Nxc5 16. Ne3 Bb7 17. c4 Qb6 18. Be2 Rfd8 19. Qe1 Nb3 20. Rd3 Rxd3 21. Bxd3 Rd8 22. Bc2 Nd2+ 23. Ka2 bxc4 24. Qh4 h6 25. Rd1 Rd4 26.
Qf2 Nb3 27. Nxc4 Qc5 28. Bxb3 Bd5 29. Qxd4 Qxd4 30. Rxd4 1-0

[Event "Early-Titled-Tuesday-Blitz-February-06-2024"]
[Site "Chess.com"]
[Date "2024.02.06"]
[Round "9"]
[White "MdChess1734"]
[Black "Shivagami"]
[Result "1-0"]
[WhiteElo "2389"]
[BlackElo "2237"]
[TimeControl "180+1"]
[EndTime "9:44:12 PST"]
[Termination "MdChess1734 won by resignation"]

1. e4 c5 2. Nf3 e6 3. d4 cxd4 4.
Nxd4 Nf6 5. Bd3 Nc6 6. Nxc6 bxc6 7. O-O d5 8. Nc3 Bb4 9. e5 Bxc3 10. bxc3 Nd7 11. Qg4 g6 12. Re1 Qc7 13. Bg5 O-O 14. Qg3 f5 15. h4 c5 16. h5 Kf7 17. hxg6+ hxg6 18. Qh4 Rg8 19. Bf6 Nxf6 20. Qxf6+ Ke8 21.
Bb5+ Bd7 22. Qxe6+ Kf8 23. Bxd7 Rg7 24. Bc6 Rd8 25. Bxd5 Qe7 26. Qxe7+ Kxe7 27. c4 Rh7 28. Rab1 Kf8 29. Rb5 1-0

[Event "Early-Titled-Tuesday-Blitz-February-06-2024"]
[Site "Chess.com"]
[Date "2024.02.06"]
[Round "9"]
[White "wild3000"]
[Black "HelvertHernandez"]
[Result "0-1"]
[WhiteElo "2350"]
[BlackElo "1960"]
[TimeControl "180+1"]
[EndTime "9:44:12 PST"]
[Termination "HelvertHernandez won by checkmate"]

1. d4 Nf6 2. c4 g6 3. Nc3 Bg7 4. e4 d6 5. f4 O-O 6. e5 dxe5 7. fxe5 Nfd7 8. c5 e6 9. Nf3 b6 10. Bg5 f6 11. exf6 Bxf6 12. h4 Bb7 13. Bc4 Qe7 14.
Qe2 Re8 15. Ne4 bxc5 16. Nxf6+ Nxf6 17. Qe5 Nbd7 18. Bxf6 Qxf6 19. Qxf6 Nxf6 20. dxc5 Bxf3 21. gxf3 Rad8 22. Rd1 Kf7 23. Ke2 Nh5 24. Ke3 Ng3 25. Rxd8 Rxd8 26. Re1 Nf5+ 27. Ke4 Rd4+ 28. Ke5 Rxc4 29.
b4 Rxb4 30. h5 Rc4 31. hxg6+ hxg6 32. Rh1 Rxc5+ 33. Kf4 Kf6 34. Kg4 Rc4+ 35. f4 e5 36. Rb1 Rxf4+ 37. Kh3 Rc4 38. Rb7 a5 39. a4 Nd6 40. Ra7 Rxa4 41. Kg3 Nb5 42. Ra8 Kf5 43.
Rf8+ Kg5 44. Rf1 Ra3+ 45. Kg2 Nd4 46. Rc1 c6 47. Rc5 Kf4 48. Rc1 g5 49. Rf1+ Kg4 50. Kh1 Ra2 51. Rg1+ Kf4 52. Rf1+ Nf3 53. Rf2 Ra1+ 54.
Kg2 Rg1+ 55. Kh3 Rg3# 0-1

[Event "Early-Titled-Tuesday-Blitz-February-06-2024"]
[Site "Chess.com"]
[Date "2024.02.06"]
[Round "9"]
[White "Willi_Skibbe"]
[Black "Ariadna_Atreides"]
[Result "1-0"]
[WhiteElo "2325"]
[BlackElo "2167"]
[TimeControl "180+1"]
[EndTime "9:44:13 PST"]
[Termination "Willi_Skibbe won by checkmate"]

1. Nf3 Nf6 2. c4 e6 3. g3 d5 4. Bg2 dxc4 5. Qa4+ Bd7 6. Qxc4 b5 7. Qc2 Bc6 8. O-O Be7 9. b3 O-O 10. Bb2 Bb7 11.
Nc3 a6 12. d3 Nbd7 13. Rac1 c5 14. Nd1 Rc8 15. e4 Re8 16. Ne3 Qb6 17. Qe2 Red8 18. Nd2 Nf8 19. f4 Ng6 20. Rf2 h6 21. e5 Nd5 22. Ne4 Nb4 23. Rd1 Nxa2 24. h4 b4 25. h5 Nf8 26. f5 Nc3 27. Bxc3 Bxe4 28. Bxe4 bxc3 29. f6 gxf6 30. exf6 Bd6 31. Qg4+ Ng6 32. hxg6 Bf8 33. g7 Bd6 34. Qh5 Qb4 35. Qxh6 Qxe4 36. Qh8# 1-0

[Event "Early-Titled-Tuesday-Blitz-February-06-2024"]
[Site "Chess.com"]
[Date "2024.02.06"]
[Round "9"]
[White "KuzubovYuriy"]
[Black "AnishOnYoutube"]
[Result "0-1"]
[WhiteElo "2910"]
[BlackElo "3018"]
[TimeControl "180+1"]
[EndTime "9:44:14 PST"]
[Termination "AnishOnYoutube won on time"]

1. d4 Nf6 2. Nf3 g6 3. Nbd2 d5 4. e3 Bg7 5. b4 a5 6. b5 c5 7. c4 cxd4 8. exd4 dxc4 9. Bxc4 O-O 10. Ba3 Nbd7 11. Qe2 Nh5 12. Bxe7 Nf4 13. Qe4 Nf6 14. Qe5 Ng4 15. Bxd8 Nxe5 16. dxe5 Rxd8 17. O-O Bf5 18. Rfe1 Rac8 19. g3 Nd3 20. Re2 Nxe5 21. Nxe5 Bxe5 22. Rxe5 Rxd2 23. Bb3 Rc7 24. h4 Kg7 25. Rae1 h5 26. b6 Rcd7 27. Rxa5 R2d6 28. Rb5 Bd3 29. Rb4 Bf5 0-1

[Event "Early-Titled-Tuesday-Blitz-February-06-2024"]
[Site "Chess.com"]
[Date "2024.02.06"]
[Round "9"]
[White "BestStelker"]
[Black "IriBu"]
[Result "0-1"]
[WhiteElo "2685"]
[BlackElo "2554"]
[TimeControl "180+1"]
[EndTime "9:44:15 PST"]
[Termination "IriBu won by resignation"]

1. c4 e5 2. Nc3 Nf6 3. g3 Nc6 4.
Bg2 Bc5 5. e3 O-O 6. Nge2 d5 7.
cxd5 Nb4 8. O-O Nbxd5 9. d4 exd4 10. exd4 Bb6 11. Bg5 h6 12. Nxd5 hxg5 13. Nxb6 axb6 14. Qd2 Nd5 15. Nc3 Be6 16. a3 f6 17. Rfe1 Bf7 18.
Nxd5 Bxd5 19. Bxd5+ Qxd5 20. Re7 Rf7 21. Rae1 Raf8 22. Qc3 c6 23. Qb4 b5 24. Rxf7 Rxf7 25. Re8+ Kh7 26. Qc3 Qf5 27. Qe3 Rd7 28. Rb8 g4 29.
Re8 Qb1+ 30. Kg2 Qf5 31. Kg1 c5 32. dxc5 Rd5 33. Qe4 Rxc5 34. Qxf5+ Rxf5 35. Re7 Rf3 36.
Re3 Rxe3 37. fxe3 Kg6 38. e4 f5 39. Kf2 fxe4 40. Ke3 Kf5 41. Kd4 g6 42. b3 g5 43. b4 b6 0-1

[Event "Early-Titled-Tuesday-Blitz-February-06-2024"]
[Site "Chess.com"]
[Date "2024.02.06"]
[Round "9"]
[White "AttilaTurzo"]
[Black "Crazy_girl99"]
[Result "1-0"]
[WhiteElo "2469"]
[BlackElo "2594"]
[TimeControl "180+1"]
[EndTime "9:44:15 PST"]
[Termination "AttilaTurzo won by resignation"]

1. d4 Nf6 2. Bf4 e6 3. c3 d5 4. Nd2 Bd6 5. e3 O-O 6. Ngf3 b6 7. Ne5 Bb7 8. Bd3 c5 9. Qf3 cxd4 10. exd4 Re8 11.
O-O Qe7 12. Qh3 Nbd7 13. Ndf3 Ne4 14. Bxe4 dxe4 15. Ng5 h6 16. Ngxf7 Nxe5 17. Nxd6 Nd3 18.
Be5 Nxe5 19. dxe5 Rf8 20. Nxb7 Qxb7 21. Qxe6+ Kh8 22. Rad1 Rae8 23. Qd5 Qa6 24. Qxe4 Qxa2 25. Rd2 Rf7 26. f4 Qe6 27. Re2 Ref8 28. g3 g6 29. Rd1 Kg7 30. Rd6 Qf5 31. Qxf5 gxf5 32. Red2 Re8 33. Rd7 Ree7 34. Rxe7 Rxe7 35. Kf2 Kf7 36. Ke3 Kg6 37. Rd6+ Kh5 38. h3 Rg7 39. Kf3 b5 40. g4+ fxg4+ 41. hxg4+ Rxg4 42. Rxh6+ Kxh6 43. Kxg4 1-0

[Event "Early-Titled-Tuesday-Blitz-February-06-2024"]
[Site "Chess.com"]
[Date "2024.02.06"]
[Round "9"]
[White "DevikBronstein"]
[Black "carokannlover213"]
[Result "1-0"]
[WhiteElo "2910"]
[BlackElo "2766"]
[TimeControl "180+1"]
[EndTime "9:44:17 PST"]
[Termination "DevikBronstein won by resignation"]

1. Nf3 d5 2. g3 Nf6 3. Bg2 e6 4.
c4 d4 5. d3 c5 6. e4 Nc6 7. e5 Nd7 8. Bf4 h6 9. h4 Be7 10. Nbd2 a6 11. h5 Rb8 12. O-O b5 13.
Re1 Bb7 14. a3 Na5 15. b3 bxc4 16. bxc4 Bc6 17. Ne4 Qb6 18. Nfd2 Qb7 19. Qg4 Kf8 20. Rab1 Qa8 21. Rxb8+ Qxb8 22. Rb1 Qa8 23. Qe2 Ke8 24. Bh3 Nb7 25. g4 Kd8 26. g5 hxg5 27. Nxg5 Kc7 28. Nxf7 Rf8 29. Bxe6 Nd8 30. Nxd8 Kxd8 31.
Bg3 Bh1 32. Bh3 Bc6 33. e6 Bf3 34. Nxf3 Qxf3 35. Qxf3 Rxf3 36. exd7 1-0

[Event "Early-Titled-Tuesday-Blitz-February-06-2024"]
[Site "Chess.com"]
[Date "2024.02.06"]
[Round "9"]
[White "N_I_Chess"]
[Black "Actuary44"]
[Result "0-1"]
[WhiteElo "2338"]
[BlackElo "2479"]
[TimeControl "180+1"]
[EndTime "9:44:17 PST"]
[Termination "Actuary44 won by resignation"]

1. d4 Nf6 2. c4 g6 3. Nc3 Bg7 4. e4 d6 5. f4 O-O 6. Nf3 c5 7. d5 e6 8. Be2 exd5 9. cxd5 Re8 10. e5 dxe5 11. fxe5 Ng4 12. Bg5 Qb6 13. O-O h6 14.
Bf4 g5 15. Be3 Nxe3 16. Qa4 Bd7 17. Qe4 Nxf1 18. Rxf1 g4 19. e6 fxe6 20. d6 gxf3 21. Rxf3 c4+ 22. Kh1 Bc6 23. Qg6 Nd7 24. Qf7+ Kh8 25.
Rg3 Qd4 26. Rg4 Qf6 27. Qh5 Rf8 28. h3 Qe5 29. Qg6 Rf2 30. Qc2 Rxg2 31. Qg6 Rxg4+ 0-1

[Event "Early-Titled-Tuesday-Blitz-February-06-2024"]
[Site "Chess.com"]
[Date "2024.02.06"]
[Round "9"]
[White "bazar-wokzal"]
[Black "LikeWater"]
[Result "1-0"]
[WhiteElo "2628"]
[BlackElo "2803"]
[TimeControl "180+1"]
[EndTime "9:44:18 PST"]
[Termination "bazar-wokzal won by resignation"]

1. e4 g6 2. Nc3 Bg7 3. h4 h5 4.
Nf3 c5 5. Ng5 Nc6 6. Bc4 e6 7. d3 Nge7 8. a4 d5 9. Bb3 b6 10. Bf4 O-O 11. Qe2 Nd4 12. Qd2 e5 13. Bg3 Nxb3 14. cxb3 f5 15. exd5 Nxd5 16. O-O Nb4 17.
Rad1 Qd7 18. Rfe1 Re8 19. Nf3 f4 20. Bh2 Ba6 21. Nb5 Bb7 22. Ng5 Rad8 23. Ne4 Bxe4 24. Rxe4 Qxd3 25. Qxd3 Rxd3 26. Rxd3 Nxd3 27. Nxa7 Rd8 28.
Kf1 Nxb2 29. Ke2 Rd3 30. b4 Nxa4 31. Kxd3 1-0

[Event "Early-Titled-Tuesday-Blitz-February-06-2024"]
[Site "Chess.com"]
[Date "2024.02.06"]
[Round "9"]
[White "Chesstiger64"]
[Black "Happy1712Drummer"]
[Result "1-0"]
[WhiteElo "2285"]
[BlackElo "2383"]
[TimeControl "180+1"]
[EndTime "9:44:18 PST"]
[Termination "Chesstiger64 won on time"]

1. d4 d5 2. Nf3 e6 3. e3 Nf6 4. Nbd2 b6 5. c3 Bb7 6. Bd3 Ne4 7. Qc2 f5 8. Ne5 Bd6 9. O-O O-O 10. f3 Nxd2 11.
Bxd2 Nd7 12. Nxd7 Qxd7 13. e4 g6 14. exd5 exd5 15. Bh6 Rfe8 16. Rae1 Re7 17. Bg5 Rxe1 18. Rxe1 Re8 19. Rxe8+ Qxe8 20. Qd2 c5 21. h4 cxd4 22.
cxd4 Qa4 23. Qe3 Qd7 24. Bf6 Kf7 25. Be5 Bc6 26. h5 Qe6 27. f4 Bxe5 28. fxe5 Kg7 29. h6+ Kf7 30. g3 Qe7 31. Qc1 Qe6 32. Kf2 Ke7 33. Qc3 Kd7 34. Qa3 a5 35. Qf8 Qe7 36.
Qg7 b5 37. Ke3 a4 38. Kf4 b4 39. g4 fxg4 40. Qxe7+ Kxe7 41. Bxg6 1-0

[Event "Early-Titled-Tuesday-Blitz-February-06-2024"]
[Site "Chess.com"]
[Date "2024.02.06"]
[Round "9"]
[White "bulletteemo"]
[Black "ljuks68"]
[Result "1-0"]
[WhiteElo "2550"]
[BlackElo "2423"]
[TimeControl "180+1"]
[EndTime "9:44:19 PST"]
[Termination "bulletteemo won by resignation"]

1. e4 e6 2. d4 d5 3. Nc3 Bb4 4. e5 Ne7 5. Bd2 b6 6. a3 Bxc3 7. Bxc3 O-O 8. h4 c5 9. h5 h6 10.
Nf3 Nbc6 11. Qd2 cxd4 12. Bxd4 Nxd4 13. Nxd4 Qc7 14. f4 f6 15. Nb5 Qb8 16. O-O-O fxe5 17. fxe5 Qxe5 18. Re1 Qf6 19. Bd3 a6 20. Rhf1 Nf5 21.
Bxf5 axb5 22. Bxe6+ Bxe6 23. Rxf6 Rxf6 24. Qd3 b4 25.
axb4 Bf7 26. b3 Rd8 27. g4 d4 28. Re4 Rfd6 29. Re7 Rc6 30. b5 Rc3 31. Qf5 Bxb3 32. Qe5 Rxc2+ 33. Kb1 Bf7 34. Kxc2 d3+ 35. Kd2 1-0

[Event "Early-Titled-Tuesday-Blitz-February-06-2024"]
[Site "Chess.com"]
[Date "2024.02.06"]
[Round "9"]
[White "Predator0608"]
[Black "KanalSzachowy"]
[Result "1-0"]
[WhiteElo "2543"]
[BlackElo "2378"]
[TimeControl "180+1"]
[EndTime "9:44:19 PST"]
[Termination "Predator0608 won by checkmate"]

1. f4 d5 2. Nf3 g6 3. g3 Bg7 4.
Bg2 Nf6 5. O-O O-O 6. d3 Nc6 7. Qe1 Re8 8. d4 Ne4 9. c3 a6 10. Nbd2 Bf5 11. Nh4 e6 12. Nxe4 Bxe4 13. Bxe4 dxe4 14.
g4 Bf6 15. Ng2 Ne7 16. Qg3 c5 17. e3 Bg7 18. Bd2 Nd5 19. f5 cxd4 20. exd4 e5 21.
dxe5 Rxe5 22. Rad1 e3 23. Bxe3 Qe7 24. Bd4 Re2 25.
Bxg7 Rxg2+ 26. Qxg2 Ne3 27. f6 Qc5 28. Qf2 Re8 29.
Rfe1 Qg5 30. h3 h5 31. Rxe3 Kh7 32. Rxe8 Qxg4+ 33. hxg4 g5 34. Qc2# 1-0

[Event "Early-Titled-Tuesday-Blitz-February-06-2024"]
[Site "Chess.com"]
[Date "2024.02.06"]
[Round "9"]
[White "atomicmate123"]
[Black "UK_23"]
[Result "1-0"]
[WhiteElo "2281"]
[BlackElo "2373"]
[TimeControl "180+1"]
[EndTime "9:44:20 PST"]
[Termination "atomicmate123 won by checkmate"]

1. e4 c5 2. Nf3 Nc6 3. d4 cxd4 4. Nxd4 Nf6 5. Nc3 e5 6. Ndb5 d6 7. Bg5 a6 8. Na3 b5 9. Nd5 Be6 10. c3 Bxd5 11. exd5 Ne7 12. Bxf6 gxf6 13. Nxb5 Qb6 14. Qa4 Kd8 15. Na3 Nxd5 16. Rd1 Nc7 17. Nc4 Qc5 18. b4 Qb5 19. Qb3 Ne8 20. Nxd6 Nxd6 21. Bxb5 axb5 22.
O-O Kc7 23. Rd5 Be7 24. Rc5+ Kd7 25. Qd5 Rab8 26. Qc6+ Ke6 27. f4 Bd8 28. f5+ Ke7 29.
Rd5 Rb6 30. Qc5 Kd7 31. Rfd1 Bc7 32. a4 bxa4 33. Qc4 Rf8 34. Qa2 Ra8 35. c4 Rxb4 36. c5 Kc6 37. Rxd6+ Bxd6 38. Rxd6+ Kxc5 39. Qd5# 1-0

[Event "Early-Titled-Tuesday-Blitz-February-06-2024"]
[Site "Chess.com"]
[Date "2024.02.06"]
[Round "9"]
[White "Chessdreamer2020"]
[Black "Darius321"]
[Result "1-0"]
[WhiteElo "2541"]
[BlackElo "2368"]
[TimeControl "180+1"]
[EndTime "9:44:22 PST"]
[Termination "Chessdreamer2020 won on time"]

1. e4 e5 2. Nf3 Nc6 3. Bb5 Bc5 4. c3 Nf6 5. d4 Bb6 6. dxe5 Nxe4 7. O-O O-O 8. Bd3 d5 9. exd6 Nxd6 10. Bg5 f6 11. Bf4 Bg4 12. Nbd2 Nf7 13. Qc2 Bxf3 14. Bxh7+ Kh8 15.
Nxf3 Nfe5 16. Be4 Nxf3+ 17. Bxf3 Ne5 18. Be4 Qe8 19. Bxb7 Rd8 20. Qe2 Qg6 21. Be4 f5 22. Bc2 Ng4 23. h3 Nf6 24. Rad1 Ne4 25. Bxe4 fxe4 26.
Be3 Rde8 27. Rd5 Rf6 28. Rh5+ Kg8 29. Qc4+ Rfe6 30. Re5 Kh7 31. Rxe6 Rxe6 32. Re1 Rf6 33. Qd5 Rf5 34. Qd8 Qf7 35. Qh4+ Kg8 36. a3 Bxe3 37. Rxe3 1-0

[Event "Early-Titled-Tuesday-Blitz-February-06-2024"]
[Site "Chess.com"]
[Date "2024.02.06"]
[Round "9"]
[White "Ati1517"]
[Black "Schattman"]
[Result "1-0"]
[WhiteElo "2268"]
[BlackElo "2385"]
[TimeControl "180+1"]
[EndTime "9:44:22 PST"]
[Termination "Ati1517 won on time"]

1. e4 d5 2. exd5 Qxd5 3. Nc3 Qd8 4. d4 Nf6 5. Nf3 g6 6. Bc4 Bg7 7. h3 O-O 8. O-O Nbd7 9. Bf4 Nb6 10. Bb3 c6 11.
Qd2 Nfd5 12. Nxd5 Nxd5 13. Bxd5 Qxd5 14. Rfe1 Re8 15. Kh2 a5 16. b3 a4 17. c4 Qd8 18. Rad1 axb3 19. axb3 Bf5 20. Ne5 Qa5 21. Qe3 Qa2 22. g4 Bc8 23. d5 cxd5 24. cxd5 Ra3 25. Rd2 Bxe5 26. Rxa2 Bxf4+ 27. Qxf4 Rxa2 28. d6 Be6 29. dxe7 Rxe7 30. Qf6 Re8 31. Kg1 Ra3 32. f4 Rxb3 33.
f5 Bd7 34. Rxe8+ Bxe8 35. Qe7 Bc6 36. f6 Rb1+ 37. Kf2 Rb2+ 38. Kg3 Rd2 39. g5 Rd3+ 40. Kf2 Rd5 41. h4 Rd4 42. Qc7 1-0

[Event "Early-Titled-Tuesday-Blitz-February-06-2024"]
[Site "Chess.com"]
[Date "2024.02.06"]
[Round "9"]
[White "viniciusrego"]
[Black "ChessSwole"]
[Result "0-1"]
[WhiteElo "2467"]
[BlackElo "2684"]
[TimeControl "180+1"]
[EndTime "9:44:23 PST"]
[Termination "ChessSwole won by resignation"]

1. e4 c5 2. Nf3 Nc6 3. d4 cxd4 4. Nxd4 Nf6 5. Nc3 d6 6. Bg5 e6 7. Qd2 a6 8. O-O-O Bd7 9. f3 Be7 10. h4 Nxd4 11. Qxd4 b5 12. Kb1 Qc7 13. Bd3 b4 14.
Ne2 e5 15. Qf2 O-O 16. g4 a5 17. Ng3 Rfb8 18. Nf5 Bd8 19. Bxf6 Bxf6 20. g5 Bd8 21. Ne3 Be6 22. h5 Bxg5 23. h6 g6 24. f4 exf4 25. Nf5 gxf5 26. Qd4 f6 27. exf5 Bc8 28.
Rdg1 Kf8 29. Rxg5 fxg5 30. Qh8+ Ke7 31. Qg7+ Kd8 32. Qf8+ Kd7 33. Re1 Kc6 34. Be4+ d5 35.
Qf6+ Qd6 36. Bxd5+ Kc5 37. Re6 Bxe6 0-1

[Event "Early-Titled-Tuesday-Blitz-February-06-2024"]
[Site "Chess.com"]
[Date "2024.02.06"]
[Round "9"]
[White "ansko1999"]
[Black "mbchess97"]
[Result "1-0"]
[WhiteElo "2680"]
[BlackElo "2462"]
[TimeControl "180+1"]
[EndTime "9:44:23 PST"]
[Termination "ansko1999 won by resignation"]

1. Nf3 Nf6 2. e3 e6 3. b3 b6 4. Bb2 Bb7 5. Be2 Be7 6. O-O O-O 7. d3 a5 8. a3 a4 9. b4 c5 10. b5 d5 11. Nbd2 Qe8 12. Rb1 Nbd7 13. Re1 Bd6 14. Bf1 e5 15. e4 Qb8 16. g3 Ra5 17.
Bc3 Ra7 18. Bb2 Ra5 19. exd5 Bxd5 20. c4 Ba8 21. Bg2 Re8 22. Ne4 Nxe4 23. dxe4 Nf6 24. Nh4 g6 25. Qd2 Be7 26. Rbd1 Ra7 27. Qc3 Bf8 28.
Nf3 Rae7 29. Qc2 Rd8 30. Nd2 Red7 31. Bc3 Bh6 32. f4 exf4 33. Bxf6 Rxd2 34. Rxd2 Rxd2 35. Qxd2 Qe8 36. gxf4 Bf8 37. e5 Qe6 38. Bxa8 1-0

[Event "Early-Titled-Tuesday-Blitz-February-06-2024"]
[Site "Chess.com"]
[Date "2024.02.06"]
[Round "9"]
[White "DonJuanEGenaro"]
[Black "MasterKroket"]
[Result "0-1"]
[WhiteElo "2064"]
[BlackElo "2490"]
[TimeControl "180+1"]
[EndTime "9:44:23 PST"]
[Termination "MasterKroket won on time"]

1. Nf3 Nf6 2. d4 g6 3. Bf4 Bg7 4. e3 O-O 5. Be2 c5 6. c3 cxd4 7. exd4 Nd5 8. Bd2 d6 9. h3 Nc6 10. O-O e5 11. Bg5 f6 12. dxe5 dxe5 13. Bc4 Be6 14.
Be3 Nc7 15. Qb3 Bxc4 16. Qxc4+ Qd5 17. Nbd2 Rad8 18. Qh4 f5 19. Nb3 e4 20. Nfd4 Ne5 21.
Bf4 Ne6 22. Nxe6 Qxe6 23. Nd4 Qb6 24. Bxe5 Bxe5 25. Rfd1 Rd6 26. Nb3 Rfd8 27. Rxd6 Qxd6 28. Nd4 Bf6 29. Qg3 Qxg3 30. fxg3 Bxd4+ 31. cxd4 Rxd4 32. Rc1 Rd7 33. Kf2 Kf7 34. Ke3 Ke6 35. Rc3 b5 36. Rc8 Kd5 37. b4 Ke5 38. Rc5+ Rd5 39. Rc7 Rd3+ 40.
Ke2 a6 41. Rxh7 Ra3 42. Re7+ Kd4 43. Re6 Rxa2+ 44. Kf1 Ke3 0-1

[Event "Early-Titled-Tuesday-Blitz-February-06-2024"]
[Site "Chess.com"]
[Date "2024.02.06"]
[Round "9"]
[White "ChampStan"]
[Black "maurovargas01"]
[Result "1-0"]
[WhiteElo "2108"]
[BlackElo "1878"]
[TimeControl "180+1"]
[EndTime "9:44:23 PST"]
[Termination "ChampStan won on time"]

1. e4 d5 2. exd5 Qxd5 3. Nc3 Qa5 4. d4 c6 5. Bd2 Nf6 6. Nf3 Qc7 7. Bc4 Bg4 8. O-O e6 9. h3 Bh5 10. Bg5 Nbd7 11. Be2 Bd6 12. Bxf6 Nxf6 13. Bd3 O-O 14. Ne4 Be7 15. Nxf6+ Bxf6 16. Be2 Rad8 17. c3 c5 18. Qa4 cxd4 19. cxd4 a6 20. Rac1 Qd6 21. Qb3 b5 22.
Rcd1 Rd7 23. Qd3 Rfd8 24. b3 Qb6 25. Qc2 Bxf3 26. Bxf3 Bxd4 27. Kh1 g6 28. Be4 Bc5 29. Rxd7 Rxd7 30. f3 Be3 31. Qc8+ Kg7 32. Qxd7 Bf4 33. Qd3 Bb8 34. Qc3+ f6 35. Rd1 1-0

[Event "Early-Titled-Tuesday-Blitz-February-06-2024"]
[Site "Chess.com"]
[Date "2024.02.06"]
[Round "9"]
[White "NMJeevanK"]
[Black "Nuvas"]
[Result "0-1"]
[WhiteElo "2605"]
[BlackElo "2783"]
[TimeControl "180+1"]
[EndTime "9:44:24 PST"]
[Termination "Nuvas won by resignation"]

1. e4 e5 2. Nf3 Nc6 3. Bc4 Nf6 4.
O-O Nxe4 5. Re1 d5 6. Bb5 Bc5 7.
d4 exd4 8. Nxd4 O-O 9. Be3 Nxd4 10. Bxd4 Bxd4 11. Qxd4 c6 12. Bf1 Bf5 13. Nc3 Qb6 14.
Qxb6 axb6 15. Nxe4 Bxe4 16. c3 Rfe8 17. a3 g5 18. Re3 f5 19. f3 f4 20. Ree1 Bg6 21. Kf2 Kf7 22. Rad1 Rxe1 23. Rxe1 Kf6 24. g3 Re8 25. Rxe8 Bxe8 26. c4 Ke5 27. cxd5 cxd5 28. Ke1 fxg3 29. hxg3 h5 30. Kd2 h4 31. gxh4 gxh4 32.
Bh3 Bg6 33. b4 Bf5 34. Bg2 Kf4 35. a4 d4 36. a5 bxa5 37. bxa5 Kg3 38. Bf1 h3 39.
Bxh3 Kxh3 40. f4 Kg3 0-1

[Event "Early-Titled-Tuesday-Blitz-February-06-2024"]
[Site "Chess.com"]
[Date "2024.02.06"]
[Round "9"]
[White "Brahianzevich"]
[Black "laskakid"]
[Result "1-0"]
[WhiteElo "2437"]
[BlackElo "2323"]
[TimeControl "180+1"]
[EndTime "9:44:25 PST"]
[Termination "Brahianzevich won on time"]

1. e4 e5 2. Nf3 Nc6 3. Bb5 a6 4. Ba4 Nf6 5. O-O d6 6. Re1 Bd7 7.
c3 g6 8. d4 Bg7 9. Nbd2 O-O 10. Nf1 exd4 11. cxd4 b5 12. Bc2 Bg4 13. Be3 Nh5 14.
a4 Bxf3 15. gxf3 Qf6 16. Ng3 Nxd4 17. Bxd4 Qxd4 18. Nxh5 gxh5 19. Qe2 Qxb2 20. Rab1 Qe5 21. axb5 axb5 22. Rxb5 Qf4 23. Rf5 Qh4 24. Kh1 Be5 25. f4 Bxf4 26. Rxh5 Qe7 27. Qg4+ Kh8 28. Qxf4 Ra2 29.
Bb1 Ra4 30. Qf5 f6 31. e5 Rf7 32. e6 Rg7 33. Rg1 Rxg1+ 34. Kxg1 Qg7+ 35. Kf1 Kg8 36. Rxh7 Qg4 37. Qxg4+ Rxg4 38. Rxc7 Rb4 39. Bg6 Rd4 40.
e7 1-0

[Event "Early-Titled-Tuesday-Blitz-February-06-2024"]
[Site "Chess.com"]
[Date "2024.02.06"]
[Round "9"]
[White "Evgeny81"]
[Black "soloderisas"]
[Result "1-0"]
[WhiteElo "2711"]
[BlackElo "2535"]
[TimeControl "180+1"]
[EndTime "9:44:26 PST"]
[Termination "Evgeny81 won by resignation"]

1. e4 e5 2. Nf3 Nc6 3. Bb5 a6 4. Ba4 Nf6 5. Qe2 b5 6. Bb3 Bc5 7. O-O d6 8. c3 h6 9. Rd1 Bb6 10. h3 Qe7 11. d4 Bb7 12. a4 O-O 13. axb5 axb5 14. Rxa8 Bxa8 15. dxe5 Nxe5 16. Nxe5 Qxe5 17. Nd2 Nxe4 18. Nxe4 Qxe4 19. Qxe4 Bxe4 20. Re1 d5 21. Be3 Bxe3 22. Rxe3 c6 23. g4 f5 24. f3 Bb1 25.
Re6 fxg4 26. fxg4 Kh7 27. Rxc6 Be4 28. Rc5 Rf3 29. Rxb5 Rxh3 30. Bxd5 Rg3+ 31. Kf1 Bd3+ 32. Kf2 Rxg4 33. Rb8 h5 34. b4 h4 35. Bg8+ Kh6 36.
Be6 Rf4+ 37. Ke3 Re4+ 38. Kxd3 Rxe6 39. Rh8+ Kg5 40. b5 Rh6 41. Rxh6 gxh6 42. Ke2 Kf4 43. b6 Kg3 44. b7 1-0

[Event "Early-Titled-Tuesday-Blitz-February-06-2024"]
[Site "Chess.com"]
[Date "2024.02.06"]
[Round "9"]
[White "SmirnovTimofey2000"]
[Black "campochess"]
[Result "0-1"]
[WhiteElo "1968"]
[BlackElo "2075"]
[TimeControl "180+1"]
[EndTime "9:44:27 PST"]
[Termination "campochess won on time"]

1. e4 c5 2. c3 Nc6 3. d4 cxd4 4.
cxd4 d5 5. exd5 Qxd5 6. Nf3 Bg4 7. Nc3 Qa5 8. d5 Rd8 9. Bb5 a6 10. Bxc6+ bxc6 11. O-O Nf6 12. Qb3 Bxf3 13. gxf3 Nxd5 14.
Rd1 e6 15. Ne4 Be7 16. Bd2 Qb5 17. Qc2 O-O 18. a4 Qb7 19. Nc5 Qc8 20. b4 e5 21.
Kh1 Qh3 22. Qe4 Rd6 23. Rg1 Rh6 24. Rg2 f5 25. Qxe5 Qxf3 26. Bxh6 Bf6 27. Qe6+ Kh8 28. Bxg7+ Bxg7 29. Rg1 Nf4 30. Qe7 Nxg2 31. Rxg2 Qd1+ 32.
Rg1 Qf3+ 33. Rg2 Rg8 34. Ne6 Bc3 35. Ng5 Qd1+ 36. Rg1 Qd5+ 37. f3 Rg7 0-1